 Dungeon Crawl Stone Soup version 0.29.1-2-gbd0b4ee654 (webtiles) character file.

Game seed: 13248785855917304043

3026 KittyFluff the Grappler (level 9, -1/126 HPs)
             Began as a Troll Berserker on Nov 28, 2022.
             Was an Elder of Trog.
             Slain by a six-headed hydra (4 damage)
             ... on level 7 of the Dungeon.
             The game lasted 00:28:37 (5016 turns).

KittyFluff the Grappler (Troll Berserker)           Turns: 5016, Time: 00:28:38

Health: -1/126     AC:  5    Str: 27    XL:     9   Next: 55%
Magic:  0/8        EV: 16    Int:  3    God:    Trog [****..]
Gold:   598        SH:  0    Dex: 13    Spells: 8/8 levels left

rFire   . . .      SeeInvis +   o - +0 giant spiked club
rCold   . . .      Faith    .   (shield currently unavailable)
rNeg    . . .      Spirit   +   n - +0 robe
rPois   .          Reflect  .   (helmet restricted)
rElec   .          Harm     .   w - +0 cloak
rCorr   .          Rampage  .   (gloves unavailable)
Will    .....                   (boots unavailable)
Stlth   ..........              m - amulet of guardian spirit
HPRegen 1.11/turn               B - ring of see invisible
MPRegen 0.11/turn               a - +4 ring of evasion

@: berserking, very quick
A: large, unfitting armour, claws 3, regeneration 1, shaggy fur 1, tough skin 1
a: Renounce Religion, Berserk, Trog's Hand, Brothers in Arms


You were on level 7 of the Dungeon.
You worshipped Trog.
Trog was greatly pleased with you.
You visited 1 branch of the dungeon, and saw 7 of its levels.

You collected 598 gold pieces.

Inventory:

Hand Weapons
 f - a +0 sling of flaming
 o - a +0 giant spiked club (weapon)
 x - the +6 hammer of Makhleb's Condemnation {flame, rC- rCorr Int+4 SInv}
   (You found it on level 4 of the Dungeon)

   It burns those it strikes, dealing additional fire damage.
   Int:       It affects your intelligence (+4).
   rC:        It makes you vulnerable to cold.
   SInv:      It lets you see invisible.
   rCorr:     It protects you from acid and corrosion.
 y - a +2 hammer of protection
 F - a +0 giant club
Missiles
 p - 6 large rocks
 s - 12 poisoned darts
 t - 6 boomerangs
 C - a throwing net
 E - 13 stones (quivered)
 M - 4 curare-tipped darts
Armour
 n - a +0 robe (worn)
 w - a +0 cloak (worn)
Jewellery
 a - a +4 ring of evasion (right claw)
 m - an amulet of guardian spirit (around neck)
 q - a ring of poison resistance
 B - a ring of see invisible (left claw)
Wands
 I - a wand of digging (5)
Scrolls
 c - a scroll of noise {unknown}
 d - 4 scrolls of vulnerability {unknown}
 e - 3 scrolls of poison {unknown}
 g - 2 scrolls of enchant armour {unknown}
 h - 3 scrolls of immolation {unknown}
 i - 2 scrolls of amnesia {unknown}
 l - a scroll of torment {unknown}
 v - a scroll of teleportation {unknown}
 G - 3 scrolls of silence {unknown}
 H - 2 scrolls of magic mapping {unknown}
 J - a scroll of fear {unknown}
 K - a scroll of brand weapon {unknown}
Potions
 b - 3 potions of lignification
 j - a potion of mutation {unknown}
 k - 3 potions of curing
 r - 2 potions of might
 u - 2 potions of attraction
 z - 2 potions of berserk rage
 A - a potion of flight {unknown}
 D - a potion of haste {unknown}
 L - a potion of heal wounds {unknown}


   Skills:
 + Level 3.7 Fighting
 * Level 4.5 Throwing
 * Level 2.8 Armour
 * Level 5.9 Dodging
 + Level 1.6 Stealth
 + Level 9.0 Unarmed Combat
 * Level 1.0 Evocations


You had 8 spell levels left.
You didn't know any spells.
Your spell library was empty.

Dungeon Overview and Level Annotations

Branches:
Dungeon (7/15)             Temple (0/1) D:7

Altars:

Shops:
D:7 ?


Innate Abilities, Weirdness & Mutations

You are too large for most types of armour.
You have claws for hands.
Your natural rate of healing is unusually fast.
You are covered in fur. (AC +1)
You have tough skin. (AC +1)


Message History

You now have 598 gold pieces (gained 15).
Found a dagger.
o - a +0 giant spiked club (weapon)
A red film seems to cover your vision as you go berserk!
You feel yourself moving faster!
You feel mighty!
You impale the six-headed hydra!!
The six-headed hydra is heavily wounded.
The six-headed hydra bites you but does no damage.
The six-headed hydra bites you. The six-headed hydra bites you!
The six-headed hydra barely misses you. x2
The six-headed hydra completely misses you.
The six-headed hydra bites you. The six-headed hydra bites you!
The six-headed hydra barely misses you. The six-headed hydra misses you.
The six-headed hydra bites you! x2
You barely miss the six-headed hydra.
The six-headed hydra is heavily wounded.
The six-headed hydra bites you. x2; The six-headed hydra bites you!
The six-headed hydra bites you but does no damage.
The six-headed hydra bites you! x2
* * * LOW HITPOINT WARNING * * *
You hit the six-headed hydra.
The six-headed hydra is heavily wounded.
The six-headed hydra bites you!
* * * LOW HITPOINT WARNING * * *
The six-headed hydra bites you!
* * * LOW HITPOINT WARNING * * *
The six-headed hydra bites you!
* * * LOW HITPOINT WARNING * * *
The six-headed hydra completely misses you.
The six-headed hydra misses you. x2
You sock the six-headed hydra!
The six-headed hydra is severely wounded.
The six-headed hydra bites you but does no damage.
The six-headed hydra barely misses you. The six-headed hydra bites you!
* * * LOW HITPOINT WARNING * * *
The six-headed hydra bites you.
* * * LOW HITPOINT WARNING * * *
The six-headed hydra completely misses you.
The six-headed hydra bites you.
You die...

#..... .....#.).##
.#..#..#..##
#.....##...##...##
#.....###.###....#
#..###.##.##.###.#
#...###u#.#.###D.#
....####.####@.#
##.#...).♣.....#####
#....####.####.....#
#...###.#.#.###..#.#
#..###.##.##.###...#
#.....###.###.....##
#####
#....†##...##.....#
####....
##....#..#..#..#.####
#....###
##...†.##....#.....##
#.####


You could see a six-headed hydra and a white ugly thing.

Vanquished Creatures
  Pikel (D:7)
  Prince Ribbit (D:7)
  2 yaks (D:7)
  2 wyverns
  2 water moccasins (D:7)
  An orc warrior (D:7)
  2 ogres
  A centaur (D:6)
  A lemure (D:7)
  3 phantoms
  A scorpion (D:7)
  A bullfrog (D:4)
  A howler monkey (D:6)
  2 hounds
  Crazy Yiuf (D:4)
  2 gnoll boudas (D:7)
  3 orc priests
  4 iguanas
  Natasha (twice) (D:4)
  6 orc wizards
  21 gnolls
  6 adders
  A shadow imp (D:7)
  A white imp (D:7)
  An ufetubus (D:5)
  3 worms (D:2)
  5 dart slugs
  13 orcs
  4 endoplasms
  5 giant cockroaches
  6 goblins
  7 hobgoblins
  2 jackals (D:1)
  10 kobolds
  3 ball pythons (D:1)
  4 bats
  2 frilled lizards (D:1)
  8 rats
141 creatures vanquished.

Notes
Turn   | Place    | Note
-------+----------+-------------------------------------------
     0 | D:1      | KittyFluff the Troll Berserker began the quest for the Orb.
     0 | D:1      | Reached XP level 1. HP: 22/22 MP: 0/0
   195 | D:1      | Reached XP level 2. HP: 26/29 MP: 1/1
   318 | D:1      | Reached XP level 3. HP: 36/36 MP: 2/2
   478 | D:1      | Reached ** piety under Trog
   705 | D:1      | Found a faded altar of an unknown god.
  1146 | D:2      | Reached skill level 4 in Unarmed Combat
  1146 | D:2      | Reached XP level 4. HP: 38/44 MP: 3/3
  1597 | D:2      | Identified the +10 short sword "Hemneo" {vorpal, rF+}
  1735 | D:3      | You fall into a shaft and drop 1 floor!
  2353 | D:3      | Reached skill level 1 in Throwing
  2459 | D:4      | Reached XP level 5. HP: 45/50 MP: 2/4
  2467 | D:4      | Noticed an ogre
  2475 | D:4      | Killed an ogre
  2550 | D:4      | Noticed Natasha
  2563 | D:4      | Killed Natasha
  2564 | D:4      | Reached skill level 5 in Unarmed Combat
  2630 | D:4      | Reached XP level 6. HP: 42/59 MP: 1/5
  2669 | D:4      | Noticed Natasha
  2679 | D:4      | Killed Natasha
  2807 | D:4      | Found a runed translucent door.
  2808 | D:4      | Noticed Crazy Yiuf
  2815 | D:4      | Killed Crazy Yiuf
  2826 | D:4      | Identified the +6 hammer of Makhleb's Condemnation {flame,
                  | rC- rCorr Int+4 SInv}
  3065 | D:5      | Entered Level 5 of the Dungeon
  3165 | D:5      | Reached *** piety under Trog
  3284 | D:5      | Reached XP level 7. HP: 65/66 MP: 6/6
  3326 | D:5      | Reached skill level 6 in Unarmed Combat
  3445 | D:5      | Noticed a wyvern
  3451 | D:5      | Killed a wyvern
  3830 | D:6      | Reached skill level 1 in Stealth
  4015 | D:6      | Reached skill level 7 in Unarmed Combat
  4082 | D:6      | Reached XP level 8. HP: 65/75 MP: 3/7
  4256 | D:6      | Reached skill level 1 in Armour
  4466 | D:7      | Noticed Pikel
  4478 | D:7      | Killed Pikel
  4479 | D:7      | Reached skill level 5 in Dodging
  4479 | D:7      | Reached skill level 8 in Unarmed Combat
  4488 | D:7      | Found Dijil's Magic Scroll Shop.
  4549 | D:7      | Reached XP level 9. HP: 71/83 MP: 5/8
  4615 | D:7      | Found a staircase to the Ecumenical Temple.
  4859 | D:7      | Reached **** piety under Trog
  4971 | D:7      | Noticed a white ugly thing
  4974 | D:7      | Noticed Prince Ribbit
  4978 | D:7      | Noticed a six-headed hydra
  4983 | D:7      | Killed Prince Ribbit
  4984 | D:7      | Reached skill level 9 in Unarmed Combat
  4984 | D:7      | Reached skill level 1 in Evocations
  5016 | D:7      | HP: 6/126 [six-headed hydra (7)]
  5016 | D:7      | Slain by a six-headed hydra

Illustrated notes

Levels and vault maps discovered:
D:1:      amcnicky_arrival_blooded_trapdoor, layout_loops_ring,
          hellmonk_ecumenical_altar_run_dry
D:2:      layout_basic
D:3:      layout_loops_ring
D:4:      layout_rooms, hangedman_decor_riveting, uniq_crazy_yiuf_cottage,
          uniq_natasha
D:5:      layout_basic, corexii_checkpoint_a, water_maze_lemuel
D:6:      layout_basic
D:7:      layout_rooms, minmay_temple_entry_offerings, serial_shops,
          nicolae_shop_statue_plus, kb_rosetta, uniq_pikel, uniq_prince_ribbit1

Skill      XL: |  1  2  3  4  5  6  7  8  9 |
---------------+----------------------------+-----
Dodging        | 3 4 5 |  5.9
Unarmed Combat | 4 5 7 8 9 |  9.0
Throwing       | 1 2 3 4 |  4.5
Fighting       | 3 |  3.7
Stealth        | 1 |  1.6
Armour         | 2 |  2.8
Evocations     | 1 |  1.0

Action                   |  1- 3 |  4- 6 |  7- 9 || total
-------------------------+-------+-------+-------++-------
Melee: Unarmed           |    64 |   123 |   198 ||   385
       Punch             |       |     1 |     9 ||    10
       Giant spiked club |       |       |     4 ||     4
Throw: Stone             |       |    32 |       ||    32
Invok: Berserk           |       |     2 |     4 ||     6
  Use: Scroll            |       |     6 |     1 ||     7
 Stab: Sleeping          |       |       |     1 ||     1
       Confused          |       |       |     1 ||     1
Armor: Animal skin       |    13 |    28 |       ||    41
       Robe              |       |       |    25 ||    25
Dodge: Dodged            |    34 |    33 |   143 ||   210
